 Dungeon Crawl Stone Soup version 0.23.1 (webtiles) character file.

Game seed: 16257562677975870225

0 glosham the Skirmisher (level 1, 0/18 HPs)
             Began as a Mummy Abyssal Knight on Mar 12, 2019.
             Was a Follower of Lugonu.
             Slain by an ancient zyme (2 damage)
             ... on level 1 of the Abyss.
             The game lasted 00:04:08 (236 turns).

glosham the Skirmisher (Mummy Abyssal Knight)        Turns: 236, Time: 00:04:09

Health: 0/18       AC:  3    Str: 15    XL:     1   Next: 0%
Magic:  2/2        EV: 11    Int: 11    God:    Lugonu [*.....]
Gold:   8          SH:  0    Dex: 11    Spells: 0/0 levels left

rFire    x . .     SeeInvis .   a - +1 hand axe
rCold    + . .     Gourm    .   (no shield)
rNeg     + + +     Faith    .   b - +0 leather armour
rPois    ∞         Spirit   .   (no helmet)
rElec    .         Reflect  .   (no cloak)
rCorr    .         Harm     .   (no gloves)
MR       .....                  (no boots)
Stlth    +.........             (no amulet)
HPRegen  0.06/turn              (no ring)
MPRegen  0.08/turn              (no ring)

@: no status effects
A: no food or potions, fire vulnerability, cold resistance 1, negative energy
resistance 3, torment resistance, unbreathing
a: Depart the Abyss, Renounce Religion


You were on level 1 of the Abyss.
You worshipped Lugonu.
Lugonu was aware of your devotion.
You were not hungry.

You visited 0 branches of the dungeon, and saw 0 of its levels.
You visited the Abyss 1 time.

You collected 8 gold pieces.

Inventory:

Hand Weapons
 a - a +1 hand axe (weapon)
Armour
 b - a +0 leather armour (worn)
Scrolls
 o - a scroll of remove curse


   Skills:
 * Level 3.0 Fighting
 - Level 1.5 Axes
 - Level 1.5 Armour
 - Level 0.7 Dodging
 - Level 1.5 Invocations


You couldn't memorise any spells.
You didn't know any spells.
Your spell library was empty.

Dungeon Overview and Level Annotations

Branches:
Dungeon (0/15)

Altars:


Innate Abilities, Weirdness & Mutations

You do not eat or drink.
Your flesh is vulnerable to fire.
You are immune to poison.
Your flesh is cold resistant. (rC+)
You are immune to negative energy. (rN+++)
You are immune to unholy pain and torment.
You can survive without breathing.


Message History

The starspawn tentacle grabs you. The starspawn tentacle constricts you.
The starspawn tentacle's grasp on you weakens, but your attempt to escape fails.
The starspawn tentacle loses its grip on you.
The tentacle pulls you backwards!
The starspawn tentacle barely misses you.
The starspawn tentacle grabs you. The starspawn tentacle constricts you.
You escape the starspawn tentacle's grasp.
Tentacles burst from the starspawn's body! 2 starspawn tentacles come into view. 2 starspawn tentacles come into view.
A large abomination comes into view.
Found 5 gold pieces.
An ancient zyme comes into view.
Found 4 gold pieces.
You see here 5 gold pieces.
Found a basalt altar of Yredelemnul.
A neqoxec comes into view.
A tentacle flies out from the starspawn's body!
The neqoxec moves out of view.
A starspawn tentacle comes into view.
The neqoxec shouts!
The neqoxec gestures.
You hit the ancient zyme.
The ancient zyme is lightly damaged.
Tentacles burst from the starspawn's body!
The neqoxec gestures.
The ancient zyme hits you.
The ancient zyme closely misses you. 2 starspawn tentacles come into view.
You hit the ancient zyme.
The ancient zyme is lightly damaged.
The ancient zyme hits you. The ancient zyme closely misses you.
The crimson imp blinks!
You barely miss the ancient zyme.
The ancient zyme is lightly damaged.
The ancient zyme hits you. The ancient zyme hits you!
* * * LOW HITPOINT WARNING * * *
You barely miss the ancient zyme.
The ancient zyme is lightly damaged.
The ancient zyme hits you.
You die...

# .#§. §§..#
§#. .# ###
.5#..#
#@##...#..
##x5....#
#3.##§...
##... # .
#....### ..#
#..#.#X#.#..
######w##.. #.
#....# ..
#.#.#X#...#..#


You could see a tentacled starspawn, an ancient zyme, a neqoxec, a starspawn
tentacle and a quasit.

Vanquished Creatures (others)
  11 starspawn tentacles (Abyss:1)
11 creatures vanquished.

Notes
Turn   | Place    | Note
-------+----------+-------------------------------------------
     0 | Abyss:1  | glosham the Mummy Abyssal Knight began the quest for the
                  | Orb.
     0 | Abyss:1  | Reached XP level 1. HP: 18/18 MP: 2/2
     0 | Abyss:1  | Found a corrupted altar of Lugonu.
    25 | Abyss:1  | Found a corrupted altar of Lugonu.
    45 | Abyss:1  | Noticed a flying skull
    52 | Abyss:1  | Noticed an iron imp
    85 | Abyss:1  | Noticed a smoke demon
   108 | Abyss:1  | Noticed a snapping turtle zombie
   117 | Abyss:1  | Noticed a tentacled starspawn
   151 | Abyss:1  | Noticed a starcursed mass
   180 | Abyss:1  | Noticed a large abomination
   183 | Abyss:1  | Noticed an ancient zyme
   201 | Abyss:1  | Found a basalt altar of Yredelemnul.
   225 | Abyss:1  | Noticed a neqoxec
   232 | Abyss:1  | Noticed a quasit
   234 | Abyss:1  | Noticed a crimson imp
   236 | Abyss:1  | Slain by an ancient zyme

Action                   || total
-------------------------++-------
Melee: Hand axe          ||     4
  Use: Scroll            ||     1
Dodge: Dodged            ||     3

Table legend:
 A = Turns spent in this place as a percentage of turns spent in the entire game.
 B = Non-inter-level travel turns spent in this place as a percentage of non-inter-level travel turns spent in the entire game.
 C = Inter-level travel turns spent in this place as a percentage of turns spent in this place.
 D = Turns resting spent in this place as a percentage of non-inter-level travel turns spent in this place.
 E = Turns spent auto-exploring this place as a percentage of non-inter-level travel turns spent in this place.
 F = Non-inter-level travel turns spent in this place divided by the number of levels of this place that you've seen.
                   A       B       C       D       E      F
               +-------+-------+-------+-------+-------+----------------------
         Total | 100.0 | 100.0 |   0.0 |   0.0 |   0.0 | 236.0
         Abyss | 100.0 | 100.0 |   0.0 |   0.0 |   0.0 | 236.0
               +-------+-------+-------+-------+-------+----------------------

Levels and vault maps discovered:
Abyss:1
